 Dungeon Crawl Stone Soup version 0.29.0-13-gc9e81de378 (webtiles) character file.

Game seed: 4507283140426198454

60 keekatzer the Caller (level 4, -2/37 HPs)
             Began as a Ghoul Summoner on Sept 9, 2022.
             Killed from afar by an orc wizard (8 damage)
             ... with a puff of flame
             ... on level 3 of the Dungeon.
             The game lasted 00:09:56 (2209 turns).

keekatzer the Caller (Ghoul Summoner)               Turns: 2209, Time: 00:09:57

Health: -2/37      AC:  3    Str: 11    XL:     4   Next: 4%
Magic:  5/5        EV: 11    Int: 10    God:
Gold:   151        SH:  0    Dex: 11    Spells: 0/6 levels left

rFire   . . .      SeeInvis .   h - +2 whip (vamp)
rCold   + . .      Faith    .   (no shield)
rNeg    + + +      Spirit   .   i - +0 leather armour
rPois   ∞          Reflect  .   (no helmet)
rElec   .          Harm     .   (no cloak)
rCorr   .          Rampage  .   (no gloves)
Will    .....                   (no boots)
Stlth   ++........              (no amulet)
HPRegen 0.00/turn               (no ring)
MPRegen 0.09/turn               (no ring)

@: inhibited regen
A: claws 1, cold resistance 1, negative energy resistance 3, inhibited
regeneration, torment resistance 2, devour on kill
a: no special abilities


You were on level 3 of the Dungeon.
You visited 1 branch of the dungeon, and saw 3 of its levels.

You collected 151 gold pieces.

Inventory:

Hand Weapons
 d - a +0 short sword
 h - a +2 vampiric whip (weapon)
Armour
 a - a +0 robe
 i - a +0 leather armour (worn)
Scrolls
 f - a scroll of amnesia {unknown}
 j - 3 scrolls of acquirement {unknown}
 k - a scroll of enchant weapon {unknown}
 l - a scroll of enchant armour {unknown}
 n - a scroll of poison {unknown}
Potions
 b - a potion of magic
 c - a potion of haste {unknown}
 e - 2 potions of degeneration {unknown}
 g - a potion of curing {unknown}
 m - a potion of ambrosia {unknown}


   Skills:
 * Level 2.3 Fighting
 * Level 1.0 Armour
 + Level 2.2 Dodging
 + Level 2.9 Stealth
 + Level 1.8 Spellcasting
 + Level 3.6 Summonings


You couldn't memorise any spells.
You knew the following spells:

 Your Spells              Type           Power      Damage    Failure   Level
a - Summon Small Mammal   Summ           32%        N/A       10%         1
b - Call Imp              Summ           8%         N/A       14%         2
c - Call Canine Familiar  Summ           8%         N/A       28%         3

Your spell library contained the following spells:

 Spells                   Type           Power      Damage    Failure   Level
 Summon Guardian Golem    Hex/Summ       4%         N/A       52%         3
 Summon Lightning Spire   Summ/Air       4%         N/A       89%         4


Dungeon Overview and Level Annotations

Branches:
Dungeon (3/15)

Altars:


Innate Abilities, Weirdness & Mutations

You are immune to poison.
You have sharp fingernails.
Your flesh is cold resistant. (rC+)
You are immune to negative energy. (rN+++)
You do not regenerate when monsters are visible.
You are immune to unholy pain and torment.
You thrive by killing the living.


Message History

You hit the orc.
The orc is severely wounded.
The orc closely misses you.
You hit the orc.
You kill the orc!
Your Armour skill increases to level 1!
You closely miss something. Something hits you.
You barely miss something. Something hits you.
You barely miss something. Something hits you but does no damage.
You hit something.
You feel better. Something hits you but does no damage. Something hits you.
You hit something.
You feel better.
Your hound disappears in a puff of smoke!
Something hits you.
You hear some strange, mumbled words.
You are confused.
You bump into the rock wall.
You bump into the rock wall.
Something hits you but does no damage.
You bump into the rock wall.
Something hits you.
You're too confused to move!
The orc barely misses you. Something hits you.
You miss something.
You feel less confused.
The orc hits you from afar with a +0 trident!
* * * LOW HITPOINT WARNING * * *
Something hits you.
* * * LOW HITPOINT WARNING * * *
Something hits you but does no damage. Something hits you.
* * * LOW HITPOINT WARNING * * *
Something hits you but does no damage.
An orc wizard appears from thin air!
Reactivating autopickup.
The orc wizard gestures wildly while chanting.
The orc wizard flickers and vanishes!
Deactivating autopickup; reactivate with Ctrl-A.
You see here a +0 dagger.
There is an open door here.
A puff of flame appears from out of thin air!
The puff of flame hits you!
You die...

####.#.# #.#.#
#....#.# #.#.#
#....#.####.#.#
#########
#..÷.#......#.#
o..o....#
#....########.#
#######.#
#..........>..#
#.#
###...###########
#.#
#.'...'.{oo.....#
#.#
#.#..@#########.#
#.# #.#...# #.#
#.#
#.#...#########o#
#.#
#.............#.#
#.#
#############.#o#
#o# #<..)..#.#
#{# ########.#
#.# #...o....#
#o# #.########


You could see 2 orcs.

Vanquished Creatures
  A dart slug (D:2)
  An orc (D:3)
  4 ball pythons
  4 endoplasms
  2 giant cockroaches (D:1)
  7 goblins
  7 hobgoblins
  2 jackals (D:3)
  2 quokkas
  4 bats
  3 frilled lizards
  5 kobolds
42 creatures vanquished.

Vanquished Creatures (collateral kills)
  A goblin (D:2)
  A hobgoblin (D:2)
  2 jackals (D:3)
  A quokka (D:1)
5 creatures vanquished.

Grand Total: 47 creatures vanquished

Notes
Turn   | Place    | Note
-------+----------+-------------------------------------------
     0 | D:1      | keekatzer the Ghoul Summoner began the quest for the Orb.
     0 | D:1      | Reached XP level 1. HP: 14/14 MP: 2/2
   201 | D:1      | Reached skill level 1 in Fighting
   201 | D:1      | Reached XP level 2. HP: 14/23 MP: 0/3
   876 | D:1      | Learned a level 2 spell: Call Imp
  1140 | D:2      | Reached XP level 3. HP: 18/29 MP: 0/4
  2049 | D:3      | Reached XP level 4. HP: 37/37 MP: 5/5
  2060 | D:3      | Learned a level 3 spell: Call Canine Familiar
  2173 | D:3      | Reached skill level 1 in Armour
  2209 | D:3      | Killed from afar by an orc wizard

Illustrated notes

Levels and vault maps discovered:
D:1:      dpeg_arrival_long_road, layout_basic, minmay_distorted
D:2:      cheibrodos_greedy_goblins, layout_loops_ring
D:3:      layout_basic, ebering_ghost_rock_garden, saegor_snake_ambush,
          uniq_jessica

Skill      XL: |  1  2  3  4 |
---------------+-------------+-----
Fighting       | 1 2 |  2.3
Dodging        | 2 |  2.2
Armour         | 1 |  1.0
Stealth        | |  2.9
Spellcasting   | |  1.8
Summonings     | |  3.6

Action                   |  1- 3 |  4- 6 || total
-------------------------+-------+-------++-------
Melee: Short sword       |    80 |       ||    80
       Club              |     7 |       ||     7
       Punch             |     2 |       ||     2
       Whip              |    87 |    16 ||   103
 Cast: Summon Small Mamm |    15 |       ||    15
       Call Imp          |     1 |       ||     1
       Call Canine Famil |       |     2 ||     2
 Stab: Sleeping          |     4 |       ||     4
Armor: Robe              |    18 |       ||    18
       Leather armour    |    28 |     8 ||    36
Dodge: Dodged            |   128 |    14 ||   142
